 Dungeon Crawl Stone Soup version 0.23.2-1-ga50397a (webtiles) character file.

Game seed: 9384626161524294396

58 sankara the Chopper (level 4, -1/40 HPs)
             Began as a Hill Orc Monk on May 2, 2019.
             Was a Believer of Beogh.
             Slain by a gnoll
             ... wielding a +0 spear
              (3 damage)
             ... on level 3 of the Dungeon.
             The game lasted 00:14:47 (2150 turns).

sankara the Chopper (Hill Orc Monk)                 Turns: 2150, Time: 00:14:48

Health: -1/40      AC:  6    Str: 14    XL:     4   Next: 2%
Magic:  2/4        EV: 11    Int: 10    God:    Beogh [**....]
Gold:   95         SH:  0    Dex: 13    Spells: 3/3 levels left

rFire    . . .     SeeInvis +   a - +0 hand axe
rCold    . . .     Gourm    .   (no shield)
rNeg     . . .     Faith    .   q - +0 ring mail
rPois    .         Spirit   .   (no helmet)
rElec    .         Reflect  .   i - +0 cloak
rCorr    .         Harm     .   (no gloves)
MR       .....                  (no boots)
Stlth    +.........             (no amulet)
HPRegen  0.13/turn              h - ring of see invisible {sInv, !d}
MPRegen  0.09/turn              (no ring)

@: no status effects
A: no striking features
a: Smiting, Renounce Religion


You were on level 3 of the Dungeon.
You worshipped Beogh.
Beogh was pleased with you.
You were not hungry.

You visited 1 branch of the dungeon, and saw 3 of its levels.

You collected 95 gold pieces.

Inventory:

Hand Weapons
 a - a +0 hand axe (weapon)
 s - a +0 blowgun
   (You took it off a kobold on level 3 of the Dungeon)
Missiles
 p - 5 poisoned tomahawks (quivered)
 t - 24 poisoned needles
Armour
 b - a +0 robe
 i - a +0 cloak (worn)
   (You found it on level 1 of the Dungeon)
 q - a +0 ring mail (worn)
   (You found it on level 2 of the Dungeon)
Jewellery
 d - an uncursed ring of fire {rF+, rC-}
   (You found it on level 1 of the Dungeon)
 h - a ring of see invisible (left hand) {sInv, !d}
   (You found it on level 1 of the Dungeon)
Scrolls
 e - a scroll of remove curse {unknown}
 g - 2 scrolls of random uselessness {unknown}
 j - 3 scrolls of identify {unknown}
 k - a scroll of enchant weapon {unknown}
 l - a scroll of magic mapping {unknown}
 m - a scroll of amnesia {unknown}
Potions
 f - 3 potions of curing {unknown}
 n - a potion of haste {unknown}
 r - a potion of might {unknown}
Comestibles
 c - 8 rations
 o - 8 chunks of flesh {@w0}


   Skills:
 + Level 4.2 Fighting
 * Level 5.3 Axes
 - Level 2.4 Dodging
 - Level 2.2 Stealth
 + Level 0.0 Invocations


You had 3 spell levels left.
You didn't know any spells.
Your spell library was empty.

Dungeon Overview and Level Annotations

Branches:
Dungeon (3/15)

Altars:


Message History

You hit the worm.
You kill the worm!
Beogh accepts your kill.
You have reached level 4!
You see here a worm corpse.
You butcher the worm corpse.
o - 5 chunks of flesh {@w0} (gained 1)
You see here a jackal corpse.
You butcher the jackal corpse.
o - 8 chunks of flesh {@w0} (gained 3)
You see here a jackal skeleton.
Unknown command.
Found a stone staircase leading up.
A hobgoblin comes into view.
The hobgoblin shouts!
You hear an angry hiss.
A gnoll comes into view. It is wielding a +0 whip.
The hobgoblin closely misses you.
The gnoll shouts!
You slash the hobgoblin!
You kill the hobgoblin!
Beogh accepts your kill.
You hear a shout! x2
A gnoll comes into view. It is wielding a +0 whip.
A gnoll comes into view. It is wielding a +0 spear.
The gnoll shouts!
The gnoll hits you with a +0 whip.
You closely miss the gnoll.
The gnoll hits you from afar with a +0 spear!
The gnoll hits you with a +0 whip!
You are too injured to fight recklessly!
Unknown command.
Unknown command.
You are too injured to fight recklessly!
You are too injured to fight recklessly!
Aiming: Smiting
Press: ? - help, Dir - move target cursor, f - gnoll Smite: a gnoll, wielding a +0 spear You smite the gnoll!
The gnoll is severely wounded.
The gnoll hits you from afar with a +0 spear.
The gnoll barely misses you.
You don't have enough magic at the moment.
An adder comes into view.
The gnoll throws a throwing net.
The throwing net hits you.
You become entangled in the net!
You see here a throwing net {=f, !d}.
You struggle against the net.
You tear a large gash into the net.
The gnoll hits you with a +0 whip.
You rip the net and break free!
The gnoll misses you. The gnoll barely misses you.
The adder hisses angrily.
You hit the gnoll.
The gnoll is heavily wounded.
The gnoll hits you from afar with a +0 spear.
The gnoll hits you with a +0 whip.
* * * LOW HITPOINT WARNING * * *
You hit the gnoll but do no damage.
The gnoll is heavily wounded.
You miss the adder. The adder barely misses you.
The gnoll hits you from afar with a +0 spear.
* * * LOW HITPOINT WARNING * * *
The gnoll hits you but does no damage. The adder bites you but does no damage.
You hit the gnoll.
The gnoll is heavily wounded.
You barely miss the adder.
The gnoll hits you but does no damage. x2
The adder bites you but does no damage.
You hit the gnoll but do no damage.
The gnoll is heavily wounded.
You closely miss the adder. The adder bites you.
* * * LOW HITPOINT WARNING * * *
The gnoll misses you. The gnoll completely misses you.
The adder bites you but does no damage.
Your ring mail prevents you from hitting the gnoll.
The gnoll is heavily wounded.
You hit the adder.
The gnoll hits you from afar with a +0 spear.
* * * LOW HITPOINT WARNING * * *
The gnoll closely misses you. The adder closely misses you.
You hit the gnoll.
The gnoll is severely wounded.
You hit the adder. The gnoll closely misses you. The gnoll barely misses you.
The adder closely misses you.
Your ring mail prevents you from hitting the gnoll.
The gnoll is severely wounded.
You barely miss the adder. The gnoll barely misses you.
The adder barely misses you. The gnoll closely misses you.
You barely miss the gnoll.
The gnoll is severely wounded.
You miss the adder. The adder bites you but does no damage.
The gnoll hits you but does no damage. x2; The adder bites you.
* * * LOW HITPOINT WARNING * * *
You hit the gnoll but do no damage.
The gnoll is severely wounded.
You hit the adder. The gnoll hits you but does no damage.
The gnoll barely misses you. The adder barely misses you.
You closely miss the gnoll.
The gnoll is severely wounded.
You closely miss the adder.
The gnoll hits you from afar with a +0 spear.
You die...

.............###
#.#.####
####.......#...#
#......# #.......###.#
#......#
###.........#<###......#
#..............##......#
#########.####.........#
#.# ####......#
#.######.......#
#.##ggg@S......#
#.##.####......# ....
...##### ## ##.# .. ...
...# ..#


You could see 3 gnolls and an adder.

Vanquished Creatures
  2 worms
  2 dart slugs (D:2)
  An orc (D:3)
  3 ball pythons
  6 bats
  4 giant cockroaches
  4 goblins
  4 hobgoblins
  5 jackals
  6 kobolds
  3 frilled lizards
  3 rats
43 creatures vanquished.

Notes
Turn   | Place    | Note
-------+----------+-------------------------------------------
     0 | D:1      | sankara the Hill Orc Monk began the quest for the Orb.
     0 | D:1      | Reached XP level 1. HP: 19/19 MP: 1/1
    79 | D:1      | Reached XP level 2. HP: 15/27 MP: 2/2
   435 | D:1      | HP: 6/27 [kobold/+0 short sword (5)]
   437 | D:1      | Reached skill level 2 in Stealth
   438 | D:1      | Reached skill level 4 in Fighting
   441 | D:1      | HP: 4/27 [bat (1)]
   740 | D:1      | Reached XP level 3. HP: 29/33 MP: 3/3
  1139 | D:2      | Reached skill level 5 in Axes
  2063 | D:3      | Became a worshipper of Beogh the Brigand
  2063 | D:3      | Reached * piety under Beogh
  2063 | D:3      | Reached ** piety under Beogh
  2096 | D:3      | Reached XP level 4. HP: 39/40 MP: 4/4
  2141 | D:3      | HP: 10/40 [gnoll/+0 whip (6)]
  2144 | D:3      | HP: 3/40 [adder (3)]
  2150 | D:3      | Slain by a gnoll

Skill      XL: |  1  2  3 |
---------------+----------+-----
Stealth        | 2 |  2.2
Fighting       | 4 |  4.2
Axes           | 5 |  5.3
Dodging        | |  2.4

Action                   |  1- 3 |  4- 6 || total
-------------------------+-------+-------++-------
Melee: Hand axe          |   152 |    12 ||   164
Invok: Convert to Beogh  |     1 |       ||     1
       Smiting           |       |     1 ||     1
 Stab: Sleeping          |     2 |       ||     2
  Eat: Chunk             |     4 |       ||     4
Armor: Robe              |    43 |       ||    43
       Ring mail         |     8 |     9 ||    17
Dodge: Dodged            |   137 |    17 ||   154

Levels and vault maps discovered:
D:1:      ebering_trefoil_3fold, layout_rooms
D:2:      layout_loops_ring, first_ration, kennysheep_generic_room_12
D:3:      layout_rooms, minmay_overflow_temple_star_hex

Table legend:
 A = Turns spent in this place as a percentage of turns spent in the entire game.
 B = Non-inter-level travel turns spent in this place as a percentage of non-inter-level travel turns spent in the entire game.
 C = Inter-level travel turns spent in this place as a percentage of turns spent in this place.
 D = Turns resting spent in this place as a percentage of non-inter-level travel turns spent in this place.
 E = Turns spent auto-exploring this place as a percentage of non-inter-level travel turns spent in this place.
 F = Non-inter-level travel turns spent in this place divided by the number of levels of this place that you've seen.
                   A       B       C       D       E      F
               +-------+-------+-------+-------+-------+----------------------
         Total | 100.0 | 100.0 |   4.6 |  35.1 |  44.7 | 684.0
       Dungeon | 100.0 | 100.0 |   4.6 |  35.1 |  44.7 | 684.0
               +-------+-------+-------+-------+-------+----------------------

Table legend:
 A = Kills in this place as a percentage of kills in entire the game.
 B = Kills by you in this place as a percentage of kills by you in the entire game.
 C = Kills by friends in this place as a percentage of kills by friends in the entire game.
 D = Other kills in this place as a percentage of other kills in the entire game.
 E = Experience gained in this place as a percentage of experience gained in the entire game.
 F = Experience gained in this place divided by the number of levels of this place that you have seen.
                   A       B       C       D       E      F
               +-------+-------+-------+-------+-------+----------------------
         Total | 100.0 | 100.0 |   N/A |   N/A | 100.0 |  28.0
       Dungeon | 100.0 | 100.0 |   N/A |   N/A | 100.0 |  28.0
               +-------+-------+-------+-------+-------+----------------------
